 Dungeon Crawl Stone Soup version 0.31-a0-702-gf82c85558f (webtiles) character file.

Game seed: 16717793115915057893

90 qw the Shooter (level 4, -8/28 HPs)
             Began as a Gargoyle Hunter on Sept 7, 2023.
             Mangled by a gnoll
             ... wielding a +0 halberd
              (10 damage)
             ... on level 3 of the Dungeon.
             The game lasted 00:00:23 (1293 turns).

qw the Shooter (Gargoyle Hunter)                    Turns: 1293, Time: 00:00:24

Health: -8/28      AC:  6    Str: 15    XL:     4   Next: 56%
Magic:  4/4        EV: 11    Int:  9    God:
Gold:   148        SH:  0    Dex: 15    Spells: 3/3 levels left

rFire   . . .        Y - +0 shortbow (flame)
rCold   . . .        (shield currently unavailable)
rNeg    + . .        c - +0 leather armour
rPois   inf          (no helmet)
rElec   +            (no cloak)
rCorr   .            (no gloves)
SInv    .            (no boots)
Will    .....        f - amulet of faith
Stlth   ++           (no ring)
HPRegen 0.24/turn    (no ring)
MPRegen 0.09/turn

%: faith
@: no status effects
A: sickness immunity, AC +3, negative energy resistance 1, electricity
resistance, torment resistance 1, petrification resistance
a: no special abilities


You were on level 3 of the Dungeon.
You visited 1 branch of the dungeon, and saw 3 of its levels.

You collected 148 gold pieces.


Innate Abilities, Weirdness & Mutations

You are immune to sickness and miasma.
Your stone body is resilient. (AC +3)
You are immune to poison.
You resist negative energy. (rN+)
You are resistant to electric shocks. (rElec)
You are resistant to unholy torment.
You are immune to petrification.


   Skills:
 - Level 3.2 Fighting
 + Level 5.3 Ranged Weapons
 - Level 1.5 Dodging
 - Level 1.1 Stealth


You had 3 spell levels left.
You didn't know any spells.
Your spell library was empty.

Inventory:

Hand Weapons
 Y - a +0 shortbow of flaming (weapon)
Armour
 c - a +0 leather armour (worn)
Jewellery
 b - a ring of magical power
 f - an amulet of faith (around neck)
Scrolls
 d - a scroll of noise {unknown}
 e - a scroll of blinking {unknown}
Potions
 a - a potion of invisibility {unknown}

Dungeon Overview and Level Annotations

Branches:
Dungeon (2/15)

Altars:

Shops:
D:1 :


Message History

You shoot an arrow. The arrow barely misses the orc.
The arrow hits the orc priest.
The arrow burns the orc priest.
The orc priest is lightly wounded.
The gnoll hits you with a +1 whip of freezing.
The gnoll freezes you.
An orc priest comes into view. It is wielding a +0 mace.
The orc hits you with a +0 flail.
The gnoll hits you with a +1 whip of freezing.
The gnoll freezes you. The orc hits you with a +0 flail.
1289 |||
Found retreat position at 0,-1 (gnoll; floor) with 0 blocking monsters and 1 monsters attacking at destination at distance 1 You shoot an arrow.
The orc priest shouts!
The arrow hits the orc!
The arrow burns the orc.
You kill the orc!
An orc wizard comes into view. It is wielding a +0 dagger.
The gnoll completely misses you.
You shoot an arrow. The arrow hits the orc priest.
The arrow burns the orc priest.
The orc priest is moderately wounded.
The orc wizard mumbles some strange words.
The orc wizard flickers and vanishes!
Deactivating autopickup; reactivate with Ctrl-A.
The gnoll hits you but does no damage. The orc priest barely misses you.
You shoot an arrow. The arrow hits the orc priest.
The arrow burns the orc priest.
The orc priest is severely wounded.
The gnoll hits you with a +1 whip of freezing.
The gnoll freezes you. The orc priest closely misses you.
The gnoll completely misses you.
You shoot an arrow. The arrow hits the orc priest.
The arrow burns the orc priest.
You kill the orc priest!
The gnoll hits you but does no damage. The gnoll closely misses you.
The gnoll completely misses you.
1293 |||
Found retreat position at 0,1 (orc priest; floor) with 0 blocking monsters and 2 monsters attacking at destination at distance 1 You shoot an arrow.
The arrow hits the orc priest.
The arrow burns the orc priest.
The orc priest is lightly wounded.
The gnoll hits you from afar with a +0 halberd!
You die...

###.# #...#
#.### #.# #.#
.######.#####
.......gg...#
.######g###.#
#@# #.# #o#
#.# #.# #.#
#.# #.# #.#
#g# ...


.og #.. .g# ##.##.# #. You could see an orc priest and 3 gnolls.

Vanquished Creatures
  An orc priest (D:3)
  A gnoll (D:3)
  2 adders (D:2)
  A worm (D:2)
  An orc (D:3)
  A ball python (D:1)
  2 endoplasms
  3 giant cockroaches (D:2)
  2 goblins (D:2)
  2 hobgoblins (D:2)
  5 quokkas
  2 frilled lizards (D:2)
  A kobold (D:1)
  5 rats
29 creatures vanquished.

Notes
Turn   | Place    | Note
-------+----------+-------------------------------------------
     0 | D:1      | qw the Gargoyle Hunter began the quest for the Orb.
     0 | D:1      | Reached XP level 1. HP: 12/12 MP: 1/1
     0 | D:1      | 0 ||| qw: Version: 0.3-a-76-g4403597
     0 | D:1      | 0 ||| qw: Game counter: 884
     0 | D:1      | 0 ||| qw: Melee chars always use a shield: true
     0 | D:1      | 0 ||| qw: God list: Okawaru
     0 | D:1      | 0 ||| qw: Allow faded altars: false
     0 | D:1      | 0 ||| qw: Do Orc after clearing Dungeon:15 true
     0 | D:1      | 0 ||| qw: Do second Lair branch before Depths: true
     0 | D:1      | 0 ||| qw: Lair rune preference: random
     0 | D:1      | 0 ||| qw: Goals: Normal
     0 | D:1      | 0 ||| PLANNING D:1-11
     2 | D:1      | Noticed a vampire
     2 | D:1      | Noticed a demigod
     4 | D:1      | Noticed a draconian
     6 | D:1      | Noticed an ogre
     6 | D:1      | Noticed a meteoran
     8 | D:1      | Noticed a minotaur
     8 | D:1      | Noticed an octopode
    10 | D:1      | Noticed a felid
    10 | D:1      | Noticed an elf
    12 | D:1      | Noticed a tengu
    14 | D:1      | Noticed a naga
    14 | D:1      | Noticed a spriggan
    16 | D:1      | Noticed a formicid
    16 | D:1      | Noticed a human
    18 | D:1      | Noticed a ghoul
    18 | D:1      | Noticed a vine stalker
    20 | D:1      | Noticed an armataur
    20 | D:1      | Noticed a gargoyle
    22 | D:1      | Noticed a troll
    24 | D:1      | Noticed a merfolk
    24 | D:1      | Noticed a demigod
    26 | D:1      | Noticed a demonspawn
   175 | D:1      | Found Dasistas's Book Shop.
   778 | D:1      | 778 ||| UPGRADING to amulet of faith.
   783 | D:1      | 783 ||| READING scroll labelled CEKID OWNO DAH.
   784 | D:1      | 784 ||| READING scroll labelled CEABBETEYJ.
   785 | D:1      | 785 ||| READING scroll labelled UDESEF IGRIR.
   786 | D:1      | 786 ||| READING scroll labelled XUBOIGG KUTTEV.
   787 | D:1      | 787 ||| DROPPING scroll of butterflies.
   803 | D:2      | Reached XP level 2. HP: 17/17 MP: 2/2
   923 | D:2      | Reached skill level 5 in Ranged Weapons
   923 | D:2      | Reached XP level 3. HP: 21/21 MP: 3/3
  1257 | D:2      | You fall into a shaft and drop 1 floor!
  1266 | D:3      | Reached skill level 3 in Fighting
  1266 | D:3      | Reached XP level 4. HP: 28/28 MP: 4/4
  1276 | D:3      | 1276 ||| RETREATING.
  1286 | D:3      | 1286 ||| Stepping ~*~*~tactically~*~*~ (retreating).
  1287 | D:3      | 1287 ||| Stepping ~*~*~tactically~*~*~ (retreating).
  1288 | D:3      | HP: 7/28 [gnoll/+1 whip of freezing (2)]
  1288 | D:3      | HP: 3/28 [orc/+0 flail (3)]
  1293 | D:3      | Mangled by a gnoll

Levels and vault maps discovered:
D:1:      kb_arrival_jail, layout_basic, serial_shops, shop,
          dreamdust_wishing_well
D:2:      layout_loops_ring
D:3:      layout_loops_ring, nicolae_wu_jian_immortal_techniques,
          kennysheep_generic_room_7

Skill      XL: |  1  2  3 |
---------------+----------+-----
Ranged Weapons | 5 |  5.3
Fighting       | 3 |  3.2
Dodging        | |  1.5
Stealth        | |  1.1

Action                     |  1- 3 |  4- 6 || total
---------------------------+-------+-------++-------
   Fire: Shortbow          |    77 |     9 ||    86
    Use: Scroll            |     4 |       ||     4
 Armour: Leather armour    |    12 |     9 ||    21
  Dodge: Dodged            |    13 |     7 ||    20

Table legend:
 A = Non-vault XP
 B = Vault XP
 C = Vault XP percentage of total XP
 D = Non-vault monster count
 E = Vault monster count
 F = Vault count percentage of total count
                 A         B        C        D         E       F
            +---------+---------+-------+---------+---------+-------
      Total |     129 |       0 |   0.0 |      29 |       0 |   0.0
            +---------+---------+-------+---------+---------+-------
        D:1 |       9 |       0 |   0.0 |       6 |       0 |   0.0
        D:2 |      61 |       0 |   0.0 |      20 |       0 |   0.0
        D:3 |      59 |       0 |   0.0 |       3 |       0 |   0.0
            +---------+---------+-------+---------+---------+-------
